 Dungeon Crawl Stone Soup version 0.30-a0-620-g0e44632947 (console) character file.

Game seed: 2184647482136253224

9353 Ignak the Covert (level 11, -3/72 HPs)
             Began as an Octopode Enchanter on Jan 10, 2023.
             Was an Elder of Dithmenos.
             Slain by an orc knight
             ... wielding a +0 great sword
              (24 damage)
             ... on level 10 of the Dungeon.
             The game lasted 00:36:09 (11552 turns).

Ignak the Covert (Octopode Enchanter)              Turns: 11552, Time: 00:36:10

Health: -3/72      AC:  5    Str:  7    XL:     11   Next: 45%
Magic:  8/20       EV: 38    Int: 18    God:    Dithmenos [****..]
Gold:   464        SH:  0    Dex: 17    Spells: 1/22 levels left

rFire   . . .      SeeInvis .    a - +1 rapier (venom)
rCold   . . .      Faith    .    (no shield)
rNeg    . . .      Spirit   .    (helmet restricted)
rPois   .          Reflect  .    e - amulet of the acrobat
rElec   .          Harm     .    i - ring of wizardry
rCorr   .          Rampage  .    u - +4 ring of protection
Will    .....                    y - +5 ring of evasion
Stlth   +++++++++                (no ring)
HPRegen 0.32/turn                (no ring)
MPRegen 0.17/turn                (no ring)
                                 (no ring)
                                 (no ring)

@: acrobatic, wreathed by umbra
A: almost no armour, amphibious, 8 rings, camouflage 1, gelatinous body 1,
(nimble swimmer 1), tentacles
a: Renounce Religion, Shadow Step


You were on level 10 of the Dungeon.
You worshipped Dithmenos.
Dithmenos was greatly pleased with you.
You visited 3 branches of the dungeon, and saw 12 of its levels.
You also visited: Sewer and Bailey.

You collected 693 gold pieces.
You spent 229 gold pieces at shops.

Inventory:

Hand Weapons
 a - a +1 rapier of venom (weapon)
 b - a +2 dagger of protection
 w - a +2 heavy halberd
 F - the +1 sling of Plog {heavy, Will+ rCorr Dex+4}
   (You found it on level 10 of the Dungeon)

   Dex:       It affects your dexterity (+4).
   rCorr:     It protects you from acid and corrosion.
   Will:      It increases your willpower.
Missiles
 f - 3 throwing nets
 h - 35 poisoned darts (quivered)
Jewellery
 e - an amulet of the acrobat (around mantle)
 i - a ring of wizardry (left tentacle)
 p - a ring of ice
 s - an amulet of faith
 u - a +4 ring of protection (right tentacle)
 y - a +5 ring of evasion (on tentacle)
Wands
 r - a wand of iceblast (4)
 t - a wand of polymorph (19)
 x - a wand of paralysis (10)
 B - a wand of light (5)
Scrolls
 g - a scroll of poison
 m - 3 scrolls of enchant armour
 v - a scroll of amnesia
 z - a scroll of immolation {unknown}
 A - a scroll of teleportation {unknown}
 C - a scroll of fear
 E - a scroll of identify
 G - a scroll of enchant weapon {unknown}
Potions
 c - 3 potions of brilliance
 d - 4 potions of lignification
 j - 4 potions of flight
 k - 2 potions of haste
 l - a potion of cancellation
 n - 3 potions of curing
 o - a potion of attraction {unknown}
 q - a potion of mutation
 D - a potion of heal wounds


   Skills:
 + Level 5.9 Fighting
 + Level 6.0 Short Blades
 * Level 8.6 Dodging
 + Level 11.9 Stealth
 - Level 1.0 Unarmed Combat
 + Level 6.0 Spellcasting
 + Level 6.8 Hexes
 + Level 5.2 Ice Magic


You had one spell level left.
You knew the following spells:

 Your Spells              Type           Power      Damage    Failure   Level
a - Confusing Touch       Hex            29%        N/A       1%          3
b - Swiftness             Air            5%         N/A       14%         3
c - Ensorcelled Hibernat  Hex/Ice        54%        N/A       1%          2
d - Dazzling Flash        Conj/Hex       34%        N/A       3%          3
e - Summon Small Mammal   Summ           20%        N/A       4%          1
f - Fulminant Prism       Conj/Hex       8%         3d7       12%         4
t - Passwall              Tmut/Erth      4%         N/A       8%          2
z - Ozocubu's Armour      Ice            24%        N/A       1%          3

Your spell library contained the following spells:

 Spells                   Type           Power      Damage    Failure   Level
 Apportation              Tloc           10%        N/A       4%          1
 Necrotise                Necr           20%        1d5       4%          1
 Tukima's Dance           Hex            29%        N/A       1%          3
 Metabolic Englaciation   Hex/Ice        13%        N/A       12%         5
 Kindle Blastsparks       Fire/Tloc/Air  10%        2d10      14%         3
 Silence                  Hex/Air        8%         N/A       32%         5
 Iskenderun's Mystic Bla  Conj/Tloc      5%         2d3       41%         4
 Agony                    Necr           5%         N/A       75%         5
 Alistair's Intoxication  Tmut/Pois      3%         N/A       75%         5
 Lee's Rapid Deconstruct  Erth           2%         3d5*      75%         5
 Simulacrum               Ice/Necr       7%         N/A       91%         6
 Starburst                Conj/Fire      2%         6d3       99%         6


Dungeon Overview and Level Annotations

Branches:
Dungeon (10/15)            Temple (1/1) D:5            Lair (0/5) D:9
    Orc (1/2) D:10          Sewer (visited)          Bailey (visited)

Altars:
Cheibriados
Dithmenos
Fedhas
Gozag
Hepliaklqana
Makhleb
Nemelex Xobeh
Qazlal
Trog
Uskayaw
Vehumet
Yredelemnul
The Shining One

Shops:
D:1 (   D:6 *   D:8 (


Innate Abilities, Weirdness & Mutations

You cannot wear most types of armour.
You are amphibious.
You can wear up to eight rings at the same time.
Your skin changes colour to match your surroundings (Stealth+).
Your rubbery body absorbs attacks. (AC +1, EV +1)
((You are camouflaged when in or above water. (Stealth+)))
You have tentacles for arms and can constrict up to eight enemies at once.


Message History

* * * LOW HITPOINT WARNING * * *
You swap places.
Your bat barely misses the orc knight.
The orc knight misses your bat.
Your bat barely misses the orc knight.
You see here a +0 flail.
Your bat hits the orc knight but does no damage.
Your bat barely misses the orc knight.
The orc knight hits your bat with a +0 great sword!
Your bat dies!
Your bat's corpse disappears in a puff of smoke!
There is an open door here.
Casting: Summon Small Mammal (safe; 4% risk of failure)
Confirm with . or Enter, or press ? or * to list all spells.
Aiming: Ensorcelled Hibernation (safe; 1% risk of failure)
Press: ? - help, Shift-Dir - straight line, f/p - orc knight
Aim: an orc knight, wielding a +0 great sword and wearing a +0 chain mail (umbra, chance to affect: 40%)
The orc knight resists with some effort.
Casting: Ensorcelled Hibernation (safe; 1% risk of failure)
Confirm with . or Enter, or press ? or * to list all spells.
Aiming: Ensorcelled Hibernation (safe; 1% risk of failure)
Press: ? - help, Shift-Dir - straight line, f/p - orc knight
Aim: an orc knight, wielding a +0 great sword and wearing a +0 chain mail (umbra, chance to affect: 40%)
The orc knight looks drowsy...
The helpless orc knight fails to defend itself.
You stick the orc knight like a pincushion!!!
The orc knight looks as sick as possible!
You grab the orc knight.
You squeeze the orc knight, but do no damage.
The orc knight is severely wounded.
You constrict the orc knight, but do no damage.
The orc knight misses you.
You release your grip on the orc knight.
Casting: Ensorcelled Hibernation (safe; 1% risk of failure)
Confirm with . or Enter, or press ? or * to list all spells.
The orc knight closely misses you.
You swap places.
Your bat barely misses the orc knight.
The orc knight attacks as you move away!
The orc knight completely misses you.
Your bat misses the orc knight.
The orc knight attacks as you move away!
The orc knight hits you with a +0 great sword!!
You die...

.8.......8[#....##..## #.....#.
...#####...#######.## ######.#
###'###'#.## #.# ##.## ##..[##.#
#.# ##.## #.>.##.# #.#### #.##
##...##.# ####....#######.##
###'###'#.## #.....<..........##
...#####)..####.####.########.#.#
.8.......8.'..bo@.##.# #.##.
...#####...####.#.##.# #....
#########'###.....##.# #####
.......##..##.#).....#
###)..#####.#.########
.>)))#.###.##.########
####)##.#.###.#......#
#.)......#.#.####.#
#........#.#.####.#


You could see an orc knight (extremely poisoned, ally target) and a friendly bat
(summoned).

Vanquished Creatures
  A centaur warrior (D:10)
  A manticore (D:10)
  A gargoyle (Bailey)
  Maggie (D:7)
  A troll (D:9)
  Sigmund (D:2)
  A vampire (Bailey)
  14 yaks
  2 steam dragons
  2 acid dragons (D:10)
  3 water moccasins
  3 sky beasts
  6 orc warriors
  An ice beast (D:8)
  3 black bears
  An ogre (D:5)
  4 centaurs
  A phantom (D:5)
  4 bullfrogs
  4 kobold brigands
  A necrophage (D:6)
  3 scorpions
  3 killer bees (D:9)
  5 wolf zombies (Bailey)
  3 howler monkeys (D:9)
  6 vampire bats (Bailey)
  2 jellies
  9 orc priests
  4 hounds
  A gnoll bouda (D:9)
  3 iguanas
  16 orc wizards
  10 adders
  8 gnolls
  A shadow imp (D:5)
  2 white imps (D:6)
  An ufetubus (D:4)
  55 orcs
  6 ball pythons
  4 endoplasms
  5 giant cockroaches
  5 goblins
  6 hobgoblins
  2 jackals (Sewer)
  6 quokkas
  3 bats
  3 frilled lizards (D:3)
  24 kobolds
  17 orc zombies (Bailey)
  6 rats
275 creatures vanquished.

Vanquished Creatures (others)
  A fulminant prism (D:10)
  13 fungi (D:9)
  15 plants (D:9)
29 creatures vanquished.

Grand Total: 304 creatures vanquished

Notes
Turn   | Place    | Note
-------+----------+-------------------------------------------
     0 | D:1      | Ignak the Octopode Enchanter began the quest for the Orb.
     0 | D:1      | Reached XP level 1. HP: 11/11 MP: 3/3
   144 | D:1      | Found Xeuj Rezxiph's Antique Weapon Shoppe.
   373 | D:1      | Reached XP level 2. HP: 17/17 MP: 5/5
   376 | D:1      | Learned a level 2 spell: Ensorcelled Hibernation
   693 | D:1      | Bought a rapier for 64 gold pieces
   865 | D:2      | Reached XP level 3. HP: 22/22 MP: 6/6
   948 | D:2      | Noticed Sigmund
   959 | D:2      | Killed Sigmund
   960 | D:2      | Reached skill level 1 in Fighting
   960 | D:2      | Reached skill level 5 in Stealth
   960 | D:2      | Reached skill level 1 in Unarmed Combat
   960 | D:2      | Reached XP level 4. HP: 17/28 MP: 1/7
   960 | D:2      | Reached XP level 5. HP: 21/33 MP: 1/8
  1782 | D:3      | Reached XP level 6. HP: 14/39 MP: 0/9
  1910 | D:3      | Learned a level 3 spell: Confusing Touch
  1914 | D:3      | Learned a level 3 spell: Dazzling Flash
  2076 | D:3      | Reached skill level 6 in Stealth
  2106 | D:3      | Found a glowing drain.
  2116 | Sewer    | Entered a sewer
  2221 | Sewer    | Noticed a water moccasin
  2236 | Sewer    | Killed a water moccasin
  2488 | D:3      | Found a glowing golden altar of the Shining One.
  2766 | D:4      | Reached XP level 7. HP: 45/45 MP: 8/11
  3183 | D:4      | Learned a level 2 spell: Passwall
  3224 | D:4      | Reached skill level 7 in Stealth
  3910 | D:5      | Entered Level 5 of the Dungeon
  3949 | D:5      | Reached skill level 1 in Ice Magic
  4219 | D:4      | Reached XP level 8. HP: 51/51 MP: 7/13
  4424 | D:5      | Found a staircase to the Ecumenical Temple.
  4434 | Temple   | Entered the Ecumenical Temple
  4451 | Temple   | Became a worshipper of Dithmenos the Shadowed
  4828 | D:5      | Reached skill level 8 in Stealth
  4906 | D:5      | Identified the +2 pair of gloves of Midnight {+Blink rCorr}
  5373 | D:6      | Noticed a yak
  5373 | D:6      | Noticed a yak
  5373 | D:6      | Noticed a yak
  5375 | D:6      | Noticed a yak
  5376 | D:6      | Noticed a yak
  5384 | D:5      | Reached skill level 5 in Dodging
  5446 | D:5      | Learned a level 3 spell: Swiftness
  5603 | D:5      | Killed a yak
  5605 | D:5      | Killed a yak
  5606 | D:5      | Reached skill level 9 in Stealth
  5606 | D:5      | Reached XP level 9. HP: 58/58 MP: 9/15
  5665 | D:5      | Reached skill level 5 in Hexes
  5718 | D:6      | Reached * piety under Dithmenos
  6176 | D:6      | Reached skill level 10 in Stealth
  6519 | D:6      | Found Nyonwimm's Serpentskin Sales.
  6529 | D:6      | Bought a +1 rapier of venom for 165 gold pieces
  6642 | D:6      | Reached XP level 10. HP: 35/65 MP: 12/17
  7040 | D:7      | Noticed Maggie
  7080 | D:7      | Killed Maggie
  7083 | D:7      | Reached ** piety under Dithmenos
  7129 | D:7      | Found a flagged portal.
  7139 | Bailey   | Entered a bailey
  7290 | Bailey   | Noticed a gargoyle
  7324 | Bailey   | Killed a gargoyle
  7325 | Bailey   | Reached skill level 5 in Spellcasting
  7407 | Bailey   | Identified the +0 leather armour "Vaipn" {rF+}
  7408 | Bailey   | Identified the +1 ring mail of Dust Devil {Contam Will+
                  | Int+2}
  7540 | Bailey   | Reached skill level 5 in Short Blades
  7549 | Bailey   | Reached skill level 11 in Stealth
  7918 | D:7      | Reached skill level 5 in Fighting
  8341 | D:8      | Learned a level 3 spell: Ozocubu's Armour
  8508 | D:8      | Reached *** piety under Dithmenos
  8674 | D:8      | Found Rasemp's Weapon Emporium.
  9011 | D:10     | Entered Level 10 of the Dungeon
  9085 | D:10     | HP: 2/66 [orc priest/nerve-wracking pain (13)]
  9143 | D:10     | Reached **** piety under Dithmenos
  9214 | D:10     | Found a staircase to the Orcish Mines.
  9529 | D:9      | Reached XP level 11. HP: 65/72 MP: 9/19
 10163 | D:9      | Found a staircase to the Lair.
 10180 | D:9      | Learned a level 4 spell: Fulminant Prism
 10516 | D:10     | Noticed a centaur warrior
 10523 | D:10     | Killed a centaur warrior
 10524 | D:10     | Reached skill level 5 in Ice Magic
 10710 | D:10     | Identified the +1 sling of Plog {heavy, Will+ rCorr Dex+4}
 10847 | D:10     | Noticed a manticore
 10875 | D:10     | Killed a manticore
 11062 | D:10     | Learned a level 1 spell: Summon Small Mammal
 11236 | Orc:1    | Entered Level 1 of the Orcish Mines
 11239 | Orc:1    | Noticed an orc high priest
 11244 | Orc:1    | Noticed a sixfirhy
 11244 | Orc:1    | Noticed a soul eater
 11245 | Orc:1    | Noticed a sun demon
 11453 | Orc:1    | Noticed an orc knight
 11552 | D:10     | Slain by an orc knight

Illustrated notes

Levels and vault maps discovered:
D:1:      dpeg_arrival_rooms_b, layout_loops_ring, serial_shops,
          nicolae_shop_advertising_works [nicolae_subvault_shop_adworks],
          skrybe_limestone_x
D:2:      layout_loops_ring, uniq_sigmund
D:3:      layout_basic, nicolae_tso_carved_into_rock, portal_sewer_entry_f,
          nicolae_titane
D:4:      layout_loops_ring
D:5:      layout_basic, minmay_temple_entry_slanted
D:6:      layout_basic, guppyfry_shop_venom
D:7:      layout_cave_pools, enter_bailey_4, uniq_maggie
D:8:      layout_basic, serial_shops, nicolae_shop_behind_doors
D:9:      layout_loops_corners, grunt_lair_entry_orc_guard_hut,
          dreamdust_gnoll_shepherd
D:10:     layout_loops_cross, hiddenorc2_lemuel
Temple:   grunt_wide_crystal_templ
Orc:1:    layout_caves, serial_shops, shop, uniq_gastronok

Skill      XL: |  1  2  3  4  5  6  7  8  9 10 11 |
---------------+----------------------------------+-----
Fighting       | 1 2 3 4 5 |  5.9
Short Blades   | 2 3 4 5 6 |  6.0
Stealth        | 5 6 7 9 10 11 | 11.9
Unarmed Combat | 1 |  1.0
Dodging        | 3 4 5 6 7 8 |  8.6
Spellcasting   | 3 4 5 6 |  6.0
Hexes          | 4 5 6 |  6.8
Ice Magic      | 1 2 3 4 5 |  5.2

Action                   |  1- 3 |  4- 6 |  7- 9 | 10-12 || total
-------------------------+-------+-------+-------+-------++-------
Melee: Dagger            |    18 |     1 |   153 |       ||   172
       Constrict         |     9 |    10 |    19 |    63 ||   101
       Tentacles         |     6 |    10 |    28 |    61 ||   105
       Rapier            |    17 |    56 |     3 |   279 ||   355
       Punch             |     1 |     1 |     1 |     6 ||     9
Throw: Throwing net      |       |       |     3 |       ||     3
       Dart              |       |       |     3 |     3 ||     6
 Cast: Ensorcelled Hiber |     5 |    16 |    62 |    65 ||   148
       Dazzling Flash    |       |       |     5 |     5 ||    10
       Passwall          |       |       |     1 |       ||     1
       Confusing Touch   |       |       |     2 |     3 ||     5
       Ozocubu's Armour  |       |       |       |     4 ||     4
       Summon Small Mamm |       |       |       |     2 ||     2
       Fulminant Prism   |       |       |       |     1 ||     1
Evoke: Wand              |       |       |     1 |       ||     1
  Use: Potion            |     1 |     4 |       |     6 ||    11
       Scroll            |       |     7 |     5 |     2 ||    14
 Stab: Sleeping          |    11 |    15 |    46 |    68 ||   140
       Invisible         |     2 |       |     3 |     1 ||     6
       Confused          |       |       |     1 |     4 ||     5
       Distracted        |       |       |       |     2 ||     2
Armor: Skin              |     5 |     4 |    45 |    38 ||    92
Dodge: Dodged            |    19 |    36 |   154 |   318 ||   527

Table legend: (Time is in decaauts)
 A = Elapsed time spent in this place.
 B = Non-inter-level travel time spent in this place.
 C = Inter-level travel time spent in this place.
 D = Time resting spent in this place.
 E = Time spent auto-exploring this place.
 F = Levels seen in this place.
 G = Mean time per level.
                   A        B        C        D        E       F      G
               +--------+--------+--------+--------+--------+-----+--------+
         Total |  11468 |  11199 |    269 |   1941 |   5587 |  14 |  819.1 |
       Dungeon |  10455 |  10187 |    268 |   1760 |   5390 |  10 | 1045.5 |
        Temple |     30 |     30 |      0 |      0 |      0 |   1 |   30.0 |
  Orcish Mines |     22 |     22 |      0 |      0 |      0 |   1 |   22.0 |
         Sewer |    316 |    316 |      0 |    181 |     41 |   1 |  316.0 |
        Bailey |    644 |    644 |      0 |      0 |    156 |   1 |  644.0 |
               +--------+--------+--------+--------+--------+-----+--------+

Top non-repeatable levels by time:
     D:5: 1526 daAuts
     D:9: 1295 daAuts
    D:10: 1285 daAuts
     D:6: 1165 daAuts
     D:4: 1157 daAuts
     D:2: 1097 daAuts
     D:3: 886 daAuts
     D:8: 741 daAuts
     D:1: 711 daAuts
  Bailey: 644 daAuts
     D:7: 587 daAuts
   Sewer: 316 daAuts
  Temple: 30 daAuts
   Orc:1: 22 daAuts
